AoeStats
← MagicFez

Socotra

505619957Analyzed
4v4 RM · 23d ago on Sep 10, 2026· 30m 27s· 8 players
Game mode
Random Map
Map size
148×148
Population
200
Speed
Normal
Resources
Standard
Victory
Conquest
Starting age
Dark Age
Ending age
Imperial Age
RankedLock teamsTeams togetherTeam positionsShared explorationLock speedFull tech treeHidden civsTurbo modeCheats
Victory
Defeat
1152
+10
🇻🇳 Persians · Vietnam
1120
+11
🇻🇳 Maya · Vietnam
1073
+13
🇻🇳 Goths · Vietnam
982
+18
🇳🇿 Vikings · New Zealand
1038
-14
🇳🇿 Khitans · New Zealand
1031
-14
🇳🇿 Celts · New Zealand
1002
-12
🇦🇺 Poles · Australia
986
-12
Gilzzy
10:49 Feudal Age
11:09 Man-at-Arms
15:53 Loom
just_a_random_singer
7:07 Loom
10:30 Feudal Age
11:19 Double-Bit Axe
15:23 Horse Collar
30:13 Castle Age
MagicFez
10:14 Loom
12:27 Feudal Age
17:05 Castle Age
22:19 Horse Collar
22:31 Double-Bit Axe
27:31 Bloodlines
Wrecking Ball Paul
11:00 Loom
13:20 Feudal Age
16:42 Forging
21:54 Castle Age
20:07 Double-Bit Axe
22:45 Husbandry
25:44 Scale Barding Armor
Vĩnh Nguyễn HCMCity
10:57 Feudal Age
11:25 Loom
14:10 Double-Bit Axe
20:20 Castle Age
20:28 Wheelbarrow
24:47 Scale Barding Armor
28:00 Bow Saw
27:49 Gold Mining
28:10 Pikeman
datdzvcl
0:29 Loom
10:02 Feudal Age
13:06 Double-Bit Axe
14:22 Fletching
14:54 Horse Collar
22:45 Castle Age
21:18 Padded Archer Armor
21:19 Gold Mining
23:25 Bodkin Arrow
22:51 Crossbowman
23:58 Bow Saw
27:30 Padded Archer Armor
29:38 Wheelbarrow
30:49 Ballistics
Quyền đẹp chai
4:53 Loom
11:39 Feudal Age
11:44 Feudal Age
12:45 Man-at-Arms
14:34 Double-Bit Axe
17:18 Horse Collar
22:31 Wheelbarrow
25:06 Castle Age
23:19 Scale Mail Armor
23:30 Forging
24:51 Wheelbarrow
26:39 Long Swordsman
27:28 Squires
26:50 Pikeman
28:30 Heavy Plow
28:44 Bow Saw
28:39 Gold Mining
28:40 Stone Mining
29:29 Chain Mail Armor
Thiếu Tá Võ Nguyên GIáp
1:19 Loom
11:37 Feudal Age
12:19 Double-Bit Axe
13:15 Wheelbarrow
12:57 Horse Collar
19:33 Gold Mining
23:00 Castle Age
21:33 Scale Barding Armor
22:19 Bloodlines
22:22 Forging
23:02 Stone Mining
23:06 Arson
26:39 Bow Saw
28:08 Iron Casting
28:50 Heavy Plow
28:57 Caravan
29:31 Husbandry
Connection lost

Rejoining the realm…

Still unreachable

The connection could not be restored.

Session expired

The server has moved on; the page needs a fresh start.